TOP OF THE 1ST |
Bemidji Benders batting - Pitching for Lee's Summit Tigers : RHP Jeff Mann
|
Pitching: RHP Jeff Mann
|
|
Batting: SHB José Velásquez
|
0-0: Foul Ball, location: 2F 0-1: Swinging Strike 0-2: Ball 1-2: Ball 2-2: Ball 3-2: Foul Ball, location: 2F 3-2: Foul Ball, location: 2F 3-2: Ground out U3 (Groundball, 34)
|
Batting: SHB Conan Hanson
|
0-0: Called Strike 0-1: Foul Ball, location: 2F 0-2: SINGLE (Flyball, 7S)
|
Batting: RHB Joe Zapata
|
0-0: Ball 1-0: Ball 2-0: Ball 3-0: Base on Balls Conan Hanson to second
|
Batting: LHB Caleb Hall
|
0-0: Called Strike 0-1: Foul Ball, location: 2F 0-2: Strikes out swinging
|
Batting: RHB Pedro López
|
0-0: Ball 1-0: Called Strike 1-1: Fly out, F8 (Flyball, 78S)
|
Top of the 1st over - 0 run(s), 1 hit(s), 0 error(s), 2 left on base; Bemidji 0 - Lee's Summit 0 |
BOTTOM OF THE 1ST |
Lee's Summit Tigers batting - Pitching for Bemidji Benders : RHP Tom Fisher
|
Pitching: RHP Tom Fisher
|
|
Batting: LHB Darren Holland
|
0-0: Called Strike 0-1: Ball 1-1: Ball 2-1: SINGLE (Line Drive, 78M)
|
Batting: RHB Kyle Baylor
|
0-0: Ball 1-0: Ground out 4-3 (Groundball, 4MS) Darren Holland to second
|
Batting: RHB Rusty Bennett
|
0-0: Ball 1-0: Ball 2-0: Ball 3-0: Called Strike 3-1: Base on Balls
|
Batting: LHB Milo Powers
|
0-0: Called Strike 0-1: Ball 1-1: Foul Ball, location: 2F 1-2: Ball 2-2: Foul Ball, location: 2F 2-2: Foul Ball, location: 2F 2-2: Foul Ball, location: 2F 2-2: Foul Ball, location: 2F 2-2: Ball 3-2: Base on Balls Darren Holland to third Rusty Bennett to second
|
Batting: RHB Michael Hall
|
0-0: Foul Ball, location: 2F 0-1: Ball 1-1: Ball 2-1: Called Strike 2-2: DOUBLE (Line Drive, 8LM) Darren Holland scores Rusty Bennett scores Milo Powers to third
|
Batting: RHB Steven Wright
|
0-0: Ball 1-0: Fly out, F9 (Line Drive, 89M) Runner from 3rd tags up, SCORES, throw made
|
Batting: RHB Gilberto Ferrer
|
0-0: Foul Ball, location: 2F 0-1: Foul Ball, location: 2F 0-2: Ball 1-2: Ball 2-2: Ball 3-2: Strikes out looking
|
Bottom of the 1st over - 3 run(s), 2 hit(s), 0 error(s), 1 left on base; Bemidji 0 - Lee's Summit 3 |
TOP OF THE 2ND |
Bemidji Benders batting - Pitching for Lee's Summit Tigers : RHP Jeff Mann
|
Batting: RHB Micheal Banks
|
0-0: Called Strike 0-1: Ball 1-1: Ball 2-1: Foul Ball, location: 2F 2-2: Ball 3-2: Base on Balls
|
Batting: RHB Holden Davis
|
0-0: Called Strike 0-1: Swinging Strike 0-2: Strikes out looking
|
Batting: RHB Gilbert Forbes
|
0-0: Called Strike 0-1: Fielders Choice at 2nd, 1-6 (Groundball, 13S)
|
Batting: RHB Leon Heath
|
0-0: Fly out, F1 (Line Drive, 15S)
|
Top of the 2nd over - 0 run(s), 0 hit(s), 0 error(s), 1 left on base; Bemidji 0 - Lee's Summit 3 |
BOTTOM OF THE 2ND |
Lee's Summit Tigers batting - Pitching for Bemidji Benders : RHP Tom Fisher
|
Batting: LHB Dale Miller
|
0-0: Ball 1-0: Ball 2-0: Foul Ball, location: 2F 2-1: SINGLE (Flyball, 9LM)
|
Batting: LHB Daniel Rincón
|
0-0: Foul Ball, location: 2F 0-1: Swinging Strike 0-2: Ball 1-2: Fielders Choice at 2nd, 4-6 (Groundball, 34D)
|
Batting: LHB Darren Holland
|
0-0: Called Strike 0-1: Ground out U3 (Groundball, 34S) Daniel Rincón to second
|
Batting: RHB Kyle Baylor
|
0-0: Foul Ball, location: 2F 0-1: Ball 1-1: SINGLE (Line Drive, 7S) Daniel Rincón to third Runner from 3rd tries for Home, SAFE, no throw
|
Batting: RHB Rusty Bennett
|
0-0: Called Strike 0-1: Ball 1-1: Swinging Strike 1-2: Foul Ball, location: 2F 1-2: Foul Ball, location: 2F 1-2: Ball 2-2: Ball 3-2: SINGLE (Groundball, 56D) Kyle Baylor to second Kyle Baylor to third
|
Batting: LHB Milo Powers
|
0-0: Ball 1-0: Ball 2-0: Foul Ball, location: 2F 2-1: Fly out, F8 (Flyball, 8RM)
|
Bottom of the 2nd over - 1 run(s), 3 hit(s), 0 error(s), 2 left on base; Bemidji 0 - Lee's Summit 4 |
TOP OF THE 3RD |
Bemidji Benders batting - Pitching for Lee's Summit Tigers : RHP Jeff Mann
|
Batting: SHB José Velásquez
|
0-0: Called Strike 0-1: Ball 1-1: Called Strike 1-2: Ball 2-2: Ball 3-2: SINGLE (Line Drive, 4MD)
|
Batting: SHB Conan Hanson
|
0-0: Called Strike 0-1: Ball 1-1: Ball 2-1: Foul Ball, location: 2F 2-2: Ball 3-2: Foul Ball, location: 2F 3-2: Base on Balls José Velásquez to second
|
Batting: RHB Joe Zapata
|
0-0: Ball 1-0: Ball 2-0: Ball 3-0: Base on Balls José Velásquez to third Conan Hanson to second
|
Batting: LHB Caleb Hall
|
0-0: Called Strike 0-1: Grounds into double play, 1-2-3 (Groundball, 13S) Conan Hanson to third Joe Zapata to second
|
Batting: RHB Pedro López
|
0-0: Ground out 4-3 (Groundball, 4)
|
Top of the 3rd over - 0 run(s), 1 hit(s), 0 error(s), 2 left on base; Bemidji 0 - Lee's Summit 4 |
BOTTOM OF THE 3RD |
Lee's Summit Tigers batting - Pitching for Bemidji Benders : RHP Tom Fisher
|
Batting: RHB Michael Hall
|
0-0: Called Strike 0-1: Ball 1-1: Ball 2-1: Swinging Strike 2-2: Strikes out swinging
|
Batting: RHB Steven Wright
|
0-0: Foul Ball, location: 2F 0-1: Ball 1-1: Foul Ball, location: 2F 1-2: Ground out 5-3 (Groundball, 5L)
|
Batting: RHB Gilberto Ferrer
|
0-0: Ball 1-0: Called Strike 1-1: Foul Ball, location: 2F 1-2: Foul Ball, location: 2F 1-2: SINGLE (Line Drive, 7S)
|
Batting: LHB Dale Miller
|
0-0: Called Strike 0-1: Ball 1-1: SINGLE (Line Drive, 34D) Gilberto Ferrer to second Runner from 2nd tries for 3rd, SAFE, throw made to third
|
Batting: LHB Daniel Rincón
|
0-0: Called Strike 0-1: Foul Ball, location: 2F 0-2: Ball 1-2: Strikes out swinging
|
Bottom of the 3rd over - 0 run(s), 2 hit(s), 0 error(s), 2 left on base; Bemidji 0 - Lee's Summit 4 |
TOP OF THE 4TH |
Bemidji Benders batting - Pitching for Lee's Summit Tigers : RHP Jeff Mann
|
Batting: RHB Micheal Banks
|
0-0: Foul Ball, location: 2F 0-1: Called Strike 0-2: Foul Ball, location: 2F 0-2: Strikes out swinging
|
Batting: RHB Holden Davis
|
0-0: Foul Ball, location: 2F 0-1: Ball 1-1: Ball 2-1: Swinging Strike 2-2: Strikes out swinging
|
Batting: RHB Gilbert Forbes
|
0-0: Called Strike 0-1: Called Strike 0-2: Ball 1-2: Strikes out looking
|
Top of the 4th over - 0 run(s), 0 hit(s), 0 error(s), 0 left on base; Bemidji 0 - Lee's Summit 4 |
BOTTOM OF THE 4TH |
Lee's Summit Tigers batting - Pitching for Bemidji Benders : RHP Tom Fisher
|
Batting: LHB Darren Holland
|
0-0: Called Strike 0-1: Foul Ball, location: 2F 0-2: SINGLE (Groundball, 4MD)
|
Pitching: RHP Miguel Delvalle
|
|
Batting: RHB Kyle Baylor
|
0-0: Ball 1-0: Ball 2-0: SINGLE (Flyball, 7S) Darren Holland to second
|
Batting: RHB Rusty Bennett
|
0-0: SINGLE (Line Drive, 89S) Darren Holland to third Kyle Baylor to second Runner from 3rd tries for Home, SAFE, no throw
|
Batting: LHB Milo Powers
|
0-0: Foul Ball, location: 2F 0-1: Ball 1-1: Foul Ball, location: 2F 1-2: Ball 2-2: Ball 3-2: Base on Balls Kyle Baylor to third Rusty Bennett to second
|
Batting: RHB Michael Hall
|
0-0: Called Strike 0-1: Swinging Strike 0-2: Ball 1-2: Ball 2-2: Ball 3-2: Strikes out swinging
|
Batting: RHB Steven Wright
|
0-0: Grounds into fielders choice 1-2 (Groundball, P) Rusty Bennett to third Milo Powers to second
|
Batting: RHB Gilberto Ferrer
|
0-0: Called Strike 0-1: Foul Ball, location: 2F 0-2: Ball 1-2: Fly out, F8 (Flyball, 8RM)
|
Bottom of the 4th over - 1 run(s), 3 hit(s), 0 error(s), 3 left on base; Bemidji 0 - Lee's Summit 5 |
TOP OF THE 5TH |
Bemidji Benders batting - Pitching for Lee's Summit Tigers : RHP Jeff Mann
|
Batting: RHB Leon Heath
|
0-0: Ball 1-0: Swinging Strike 1-1: Ground out 4-3 (Groundball, 4)
|
Batting: SHB José Velásquez
|
0-0: Called Strike 0-1: Foul Ball, location: 2F 0-2: Strikes out swinging
|
Batting: SHB Conan Hanson
|
0-0: Ball 1-0: Called Strike 1-1: Foul Ball, location: 2F 1-2: Ball 2-2: Ball 3-2: Base on Balls
|
Batting: RHB Joe Zapata
|
0-0: Called Strike Conan Hanson steals 2nd base 0-1: Ball 1-1: Ball 2-1: Swinging Strike 2-2: Ball 3-2: Foul Ball, location: 2F 3-2: Foul Ball, location: 2F 3-2: Strikes out swinging
|
Top of the 5th over - 0 run(s), 0 hit(s), 0 error(s), 1 left on base; Bemidji 0 - Lee's Summit 5 |
BOTTOM OF THE 5TH |
Lee's Summit Tigers batting - Pitching for Bemidji Benders : RHP Miguel Delvalle
|
Batting: LHB Dale Miller
|
0-0: Ball 1-0: Called Strike 1-1: Called Strike 1-2: Strikes out swinging
|
Batting: LHB Daniel Rincón
|
0-0: Foul Ball, location: 2F 0-1: Foul Ball, location: 2F 0-2: Foul Ball, location: 2F 0-2: Foul Ball, location: 2F 0-2: Ball 1-2: Ball 2-2: Ball 3-2: Foul Ball, location: 2F 3-2: Base on Balls
|
Batting: LHB Darren Holland
|
0-0: Ball 1-0: Swinging Strike 1-1: Swinging Strike 1-2: Ball 2-2: Ball 3-2: Foul Ball, location: 2F 3-2: Base on Balls Daniel Rincón to second
|
Batting: RHB Kyle Baylor
|
0-0: Ball 1-0: Called Strike 1-1: Foul Ball, location: 2F 1-2: Ball 2-2: Strikes out swinging
|
Pitching: LHP Juan Rodríguez
|
|
Batting: RHB Rusty Bennett
|
0-0: SINGLE (Line Drive, 8LS) Daniel Rincón to third Darren Holland to second
|
Batting: LHB Milo Powers
|
0-0: Ball 1-0: DOUBLE (Line Drive, 7LS) Daniel Rincón scores Darren Holland scores Rusty Bennett to third Runner from 3rd tries for Home, SAFE, no throw
|
Batting: RHB Michael Hall
|
0-0: Ball 1-0: Fly out, F9 (Flyball, 9LM)
|
Bottom of the 5th over - 3 run(s), 2 hit(s), 0 error(s), 1 left on base; Bemidji 0 - Lee's Summit 8 |
TOP OF THE 6TH |
Bemidji Benders batting - Pitching for Lee's Summit Tigers : RHP Jeff Mann
|
Pitching: RHP Héctor Bernard
|
|
Batting: LHB Caleb Hall
|
0-0: Called Strike 0-1: Foul Ball, location: 2F 0-2: Ball 1-2: Ball 2-2: Ball 3-2: SINGLE (Line Drive, 4M)
|
Batting: RHB Pedro López
|
0-0: Foul Ball, location: 2F 0-1: Ball 1-1: Ball 2-1: Foul Ball, location: 2F 2-2: Ball 3-2: DOUBLE (Line Drive, 7LS) Caleb Hall to third
|
Batting: RHB Micheal Banks
|
0-0: Ball 1-0: Ball 2-0: Fly out, F2 (Popup, 15)
|
Batting: RHB Holden Davis
|
0-0: Foul Ball, location: 2F 0-1: Ball 1-1: Called Strike 1-2: Ball 2-2: Ball 3-2: Base on Balls
|
Batting: RHB Gilbert Forbes
|
0-0: Foul Ball, location: 2F 0-1: Ball 1-1: Called Strike 1-2: Foul Ball, location: 2F 1-2: Ball 2-2: Foul Ball, location: 2F 2-2: Ball 3-2: SINGLE (Groundball, 4) (infield hit) Caleb Hall scores Pedro López to third Holden Davis to second
|
Batting: RHB Leon Heath
|
0-0: Ball 1-0: Foul Ball, location: 2F 1-1: Ball 2-1: Called Strike 2-2: Fielders Choice at 2nd, 4-6 (Groundball, 4) Pedro López scores Holden Davis to third
|
Batting: SHB José Velásquez
|
0-0: Ground out 6-3 (Groundball, 6S)
|
Top of the 6th over - 2 run(s), 3 hit(s), 0 error(s), 2 left on base; Bemidji 2 - Lee's Summit 8 |
BOTTOM OF THE 6TH |
Lee's Summit Tigers batting - Pitching for Bemidji Benders : LHP Juan Rodríguez
|
Batting: RHB Steven Wright
|
0-0: Ball 1-0: Fly out, F7 (Flyball, 7S)
|
Batting: RHB Gilberto Ferrer
|
0-0: Ball 1-0: Ball 2-0: Called Strike 2-1: Foul Ball, location: 2F 2-2: Foul Ball, location: 2F 2-2: Ball 3-2: Base on Balls
|
Batting: LHB Dale Miller
|
0-0: Ball 1-0: Ball 2-0: Called Strike 2-1: Ball 3-1: Base on Balls Gilberto Ferrer to second
|
Batting: LHB Daniel Rincón
|
0-0: Ball 1-0: Ball 2-0: Ball 3-0: Called Strike 3-1: Fly out, F7 (Flyball, 78M)
|
Batting: LHB Darren Holland
|
0-0: Swinging Strike 0-1: Swinging Strike 0-2: Ball 1-2: Foul Ball, location: 2F 1-2: Ball 2-2: Foul Ball, location: 2F 2-2: Ball 3-2: Base on Balls Gilberto Ferrer to third Dale Miller to second
|
Batting: RHB Kyle Baylor
|
0-0: Ball 1-0: Ball Wild Pitch! Gilberto Ferrer scores Dale Miller to third Darren Holland to second 2-0: Called Strike 2-1: SINGLE (Groundball, 6MD) Dale Miller scores Darren Holland to third Runner from 3rd tries for Home, SAFE, no throw
|
Pitching: RHP Ángel Germán
|
|
Batting: RHB Rusty Bennett
|
0-0: Fielders Choice at 2nd, 5-4 (Groundball, 56)
|
Bottom of the 6th over - 3 run(s), 1 hit(s), 0 error(s), 0 left on base; Bemidji 2 - Lee's Summit 11 |
TOP OF THE 7TH |
Bemidji Benders batting - Pitching for Lee's Summit Tigers : RHP Héctor Bernard
|
Batting: SHB Conan Hanson
|
0-0: Ball 1-0: Ball 2-0: Foul Ball, location: 2F 2-1: Fly out, F9 (Flyball, 89S)
|
Batting: RHB Joe Zapata
|
0-0: Foul Ball, location: 2F 0-1: Ground out 5-3 (Groundball, 5L)
|
Batting: LHB Caleb Hall
|
0-0: Ball 1-0: Ball 2-0: Fly out, F7 (Line Drive, 78M)
|
Top of the 7th over - 0 run(s), 0 hit(s), 0 error(s), 0 left on base; Bemidji 2 - Lee's Summit 11 |
BOTTOM OF THE 7TH |
Lee's Summit Tigers batting - Pitching for Bemidji Benders : RHP Ángel Germán
|
Batting: LHB Milo Powers
|
0-0: Called Strike 0-1: Ball 1-1: Ground out 4-3 (Groundball, 4)
|
Batting: RHB Michael Hall
|
0-0: Foul Ball, location: 2F 0-1: Foul Ball, location: 2F 0-2: Ball 1-2: Ball 2-2: Hit by Pitch
|
Batting: RHB Steven Wright
|
0-0: Fielders Choice at 2nd, 2-4 (Groundball, 2L)
|
Batting: RHB Gilberto Ferrer
|
0-0: Called Strike 0-1: Ball 1-1: SINGLE (Groundball, 56D) Steven Wright to second
|
Batting: LHB Dale Miller
|
0-0: Ball 1-0: Ball 2-0: Called Strike 2-1: Foul Ball, location: 2F 2-2: Ball 3-2: Foul Ball, location: 2F 3-2: Base on Balls Steven Wright to third Gilberto Ferrer to second
|
Batting: LHB Daniel Rincón
|
0-0: Ball 1-0: Foul Ball, location: 2F 1-1: Ball 2-1: Called Strike 2-2: Foul Ball, location: 2F 2-2: Foul Ball, location: 2F 2-2: Foul Ball, location: 2F 2-2: Fielders Choice at 2nd, 6-4 (Groundball, 6D)
|
Bottom of the 7th over - 0 run(s), 1 hit(s), 0 error(s), 2 left on base; Bemidji 2 - Lee's Summit 11 |
TOP OF THE 8TH |
Bemidji Benders batting - Pitching for Lee's Summit Tigers : RHP Héctor Bernard
|
Now at 1B: Dudley Cooper
|
|
Batting: RHB Pedro López
|
0-0: Ball 1-0: Called Strike 1-1: Ball 2-1: Swinging Strike 2-2: Ball 3-2: Strikes out looking
|
Batting: RHB Micheal Banks
|
0-0: Foul Ball, location: 2F 0-1: Ball 1-1: SINGLE (Flyball, 78S)
|
Pitching: RHP António Cruz
|
|
Batting: RHB Holden Davis
|
0-0: Called Strike 0-1: Called Strike 0-2: Ball 1-2: Strikes out swinging
|
Batting: RHB Gilbert Forbes
|
0-0: Ball 1-0: Foul Ball, location: 2F 1-1: Ball 2-1: Swinging Strike 2-2: Ball 3-2: Base on Balls Micheal Banks to second
|
Batting: RHB Leon Heath
|
0-0: Called Strike 0-1: Ball 1-1: Called Strike 1-2: Strikes out looking
|
Top of the 8th over - 0 run(s), 1 hit(s), 0 error(s), 2 left on base; Bemidji 2 - Lee's Summit 11 |
BOTTOM OF THE 8TH |
Lee's Summit Tigers batting - Pitching for Bemidji Benders : RHP Ángel Germán
|
Batting: LHB Darren Holland
|
0-0: Called Strike 0-1: Called Strike 0-2: Foul Ball, location: 2F 0-2: Strikes out looking
|
Batting: RHB Kyle Baylor
|
0-0: Foul Ball, location: 2F 0-1: Called Strike 0-2: Ball 1-2: Foul Ball, location: 2F 1-2: Strikes out swinging
|
Batting: RHB Rusty Bennett
|
0-0: Ground out U3 (Groundball, 3)
|
Bottom of the 8th over - 0 run(s), 0 hit(s), 0 error(s), 0 left on base; Bemidji 2 - Lee's Summit 11 |
TOP OF THE 9TH |
Bemidji Benders batting - Pitching for Lee's Summit Tigers : RHP António Cruz
|
Now at C: Augusto Pérez
|
|
Batting: SHB José Velásquez
|
0-0: Called Strike 0-1: Ball 1-1: Ball 2-1: SINGLE (Line Drive, 89M)
|
Batting: SHB Conan Hanson
|
0-0: Called Strike 0-1: Foul Ball, location: 2F 0-2: Foul Ball, location: 2F 0-2: SINGLE (Groundball, 34D) José Velásquez to second Runner from 2nd tries for 3rd, SAFE, throw made to third Conan Hanson to second
|
Batting: RHB Joe Zapata
|
0-0: Ball Passed Ball! José Velásquez scores Conan Hanson to third 1-0: Foul Ball, location: 2F 1-1: Swinging Strike 1-2: Foul Ball, location: 2F 1-2: Strikes out looking
|
Batting: LHB Caleb Hall
|
0-0: Called Strike 0-1: Swinging Strike 0-2: Ball 1-2: Ball 2-2: Ball 3-2: Strikes out swinging
|
Batting: RHB Pedro López
|
0-0: Ball 1-0: Ball 2-0: Ball 3-0: Called Strike 3-1: Called Strike 3-2: Base on Balls
|
Batting: RHB Micheal Banks
|
0-0: Called Strike 0-1: Foul Ball, location: 2F 0-2: Ball 1-2: Foul Ball, location: 2F 1-2: Strikes out swinging
|
Top of the 9th over - 1 run(s), 2 hit(s), 0 error(s), 2 left on base; Bemidji 3 - Lee's Summit 11 |
|